 Dungeon Crawl Stone Soup version 0.32-a0-876-gcfddb08e57 (webtiles) character file.

Game seed: 7748514540792792946

74 Skryme the Ruffian (level 4, 0/32 HPs)
             Began as a Djinni Shapeshifter on Mar 31, 2024.
             Was a Follower of Okawaru.
             Shot with a sling bullet by a goblin (3 damage)
             ... led by Robin
             ... on level 3 of the Dungeon.
             The game lasted 00:04:34 (1579 turns).

Skryme the Ruffian (Djinni Shapeshifter)            Turns: 1579, Time: 00:04:35

Health: 0/32       AC:  5    Str: 15    XL:     4   Next: 54%
Gold:   54         EV: 10    Int: 12    God:    Okawaru [*.....] SH:  0 Dex: 12

rFire   + .          .
                       - Unarmed
rCold   . . .        (no shield)
rNeg    . . .        b - +0 ring mail
rPois   ∞            (helmet currently unavailable)
rElec   .            (cloak currently unavailable)
rCorr   .            (gloves currently unavailable)
SInv    .            (boots unavailable)
Will    .....        (no amulet)
Stlth   +            l - ring of ice
HPRegen 0.25/turn    (no ring)
MPRegen 0.00/turn

%: infuse magic (-1 HP)
@: beast-form, flying
A: beast (slay +1), flying, sickness immunity, fire resistance 2, cold
vulnerability 1, float, innate caster, HP casting, extra vitality 1
a: Begin Untransformation, Renounce Religion, Heroism


You were on level 3 of the Dungeon.
You worshipped Okawaru.
Okawaru was aware of your devotion.
You were a hulking beast.
You visited 1 branch of the dungeon, and saw 3 of its levels.

You collected 54 gold pieces.

Inventory:

Hand Weapons
 g - a +0 club
 h - a +0 dagger
 k - a +0 dagger
 o - a +0 short sword
Missiles
 m - a throwing net (quivered)
Armour
 a - a +0 animal skin
 b - a +0 ring mail (worn)
 q - a +0 kite shield
Jewellery
 l - a ring of ice (left hand)
Talismans
 c - a beast talisman (active)
 d - a flux talisman
 e - a storm talisman
Scrolls
 f - 2 scrolls of poison {unknown}
 i - a scroll of noise {unknown}
 n - 2 scrolls of summoning {unknown}
 s - a scroll of amnesia {unknown}
 t - a scroll of teleportation {unknown}
Potions
 j - a potion of mutation {unknown}
 p - a potion of lignification
 r - a potion of curing {unknown}
 u - a potion of haste {unknown}


   Skills:
 - Level 1.0 Fighting
 - Level 2.1 Dodging
 - Level 0.5 Stealth
 + Level 3.7 Unarmed Combat
 + Level 1.2 Spellcasting
 + Level 1.2 Conjurations
 + Level 1.2 Hexes
   Level 0.0 Charms
 + Level 1.2 Summonings
 + Level 1.2 Necromancy
 + Level 1.2 Translocations
   Level 0.0 Transmutations
 + Level 1.2 Fire Magic
 + Level 1.2 Ice Magic
 + Level 1.2 Air Magic
 + Level 1.2 Earth Magic
 + Level 1.2 Alchemy
 + Level 3.2 Shapeshifting


You knew the following spells:

 Your Spells              Type           Power      Damage    Failure   Level
a - Freeze                Ice            20%        1d4       34%         1
Your spell library was empty.

Dungeon Overview and Level Annotations

Branches:
Dungeon (3/15)

Altars:
Okawaru

Annotations:
D:3 Robin


Innate Abilities, Weirdness & Mutations

You are a hulking beast.
Your limbs bulge with bestial killing power. (Slay +1)
You are flying.
You are immune to sickness and miasma.
You are immune to poison.
Your flesh is very heat resistant. (rF++)
You are vulnerable to cold. (rC-)
You float through the air rather than walking.
You learn spells naturally, not from books.
Your magical power is your life essence.
You have superior vitality. (+4 MHP)


Message History

You hit the goblin.
You kill the goblin!
The goblin unwields a +0 club.
The goblin wields a +0 sling.
The goblin shoots a sling bullet.
The sling bullet closely misses you.
Robin roars a battlecry!
The goblins go into a battle-frenzy!
The goblin hits you with a +0 dagger.
You hit the hobgoblin.
You kill the hobgoblin!
Okawaru accepts your kill. The goblin hits you with a +0 club.
The goblin hits you but does no damage.
Unknown command.
Unknown command.
Unknown command.
You see here a +0 dagger.
Robin throws the goblin at you! The goblin attacks as it pursues you!
The goblin hits you with a +0 club.
You hit the goblin.
The goblin is heavily wounded.
The goblin closely misses you. The goblin hits you but does no damage.
Unknown command.
You hit the goblin.
You kill the goblin!
Okawaru accepts your kill. The goblin closely misses you.
Unknown command.
Robin throws the goblin at you! The goblin hits you with a +0 dagger.
You see here a +0 dagger.
Unknown command.
You closely miss the goblin. The goblin barely misses you.
The goblin hits you with a +0 dagger.
The goblin shoots a sling bullet.
The sling bullet closely misses you. The goblin attacks as it pursues you!
The goblin hits you with a +0 club.
* * * LOW HITPOINT WARNING * * *
Robin throws the goblin at you!
* * * LOW HITPOINT WARNING * * *
The goblin hits you but does no damage.
The goblin unwields a +0 sling.
The goblin wields a +0 club.
The goblin hits you but does no damage.
The goblin shoots a sling bullet.
The sling bullet hits you.
You die...

.. ... ..... #.#
..... #.# ##.....
#.# .......
#.#####.# .......
.....#.####.......
#.g...g.g5.....
##h.###gg......
#.ggg)g##.....
#..##### ....
#...# .# #...##
...#.# ....#.#
....... .. #


You could see Robin, a white imp and 6 goblins.

Vanquished Creatures
  2 adders (D:2)
  A ribbon worm (D:2)
  2 dart slugs
  4 ball pythons
  3 bats (D:1)
  5 endoplasms
  8 goblins
  4 hobgoblins
  3 jackals (D:2)
  2 quokkas (D:2)
  5 frilled lizards (D:1)
  2 kobolds
  5 rats
  A spectral kobold (D:2)
47 creatures vanquished.

Notes
Turn   | Place    | Note
-------+----------+-------------------------------------------
     0 | D:1      | Skryme the Djinni Shapeshifter began the quest for the Orb.
     0 | D:1      | Reached XP level 1. HP: 17/17 MP: 0/0
   124 | D:1      | Reached XP level 2. HP: 22/22 MP: 0/0
   588 | D:1      | Reached XP level 3. HP: 27/27 MP: 0/0
   588 | D:1      | Learned a level 1 spell: Freeze
  1032 | D:2      | Reached skill level 1 in Spellcasting
  1032 | D:2      | Reached skill level 1 in Conjurations
  1032 | D:2      | Reached skill level 1 in Hexes
  1032 | D:2      | Reached skill level 1 in Summonings
  1032 | D:2      | Reached skill level 1 in Necromancy
  1032 | D:2      | Reached skill level 1 in Translocations
  1032 | D:2      | Reached skill level 1 in Fire Magic
  1032 | D:2      | Reached skill level 1 in Ice Magic
  1032 | D:2      | Reached skill level 1 in Air Magic
  1032 | D:2      | Reached skill level 1 in Earth Magic
  1032 | D:2      | Reached skill level 1 in Alchemy
  1199 | D:2      | Reached XP level 4. HP: 23/32 MP: 0/0
  1268 | D:2      | Found a faded altar of an unknown god.
  1411 | D:2      | Prayed at the altar of an unknown god.
  1411 | D:2      | Became a worshipper of Warmaster Okawaru
  1411 | D:2      | Reached * piety under Okawaru
  1561 | D:3      | Noticed Robin
  1579 | D:3      | Shot with a sling bullet by a goblin

Illustrated notes

Levels and vault maps discovered:
D:1:      psy_arrival_whirlpool, layout_loops_ring, kennysheep_nondescript
D:2:      layout_rooms, dreamdust_ecumenical_altar_drowned_temple,
          nrook_mini_vaults
D:3:      layout_rooms, uniq_sigmund, uniq_robin

Skill      XL: |  1  2  3 |
---------------+----------+-----
Shapeshifting  | 3 |  3.2
Spellcasting   | 1 |  1.2
Conjurations   | 1 |  1.2
Hexes          | 1 |  1.2
Summonings     | 1 |  1.2
Necromancy     | 1 |  1.2
Translocations | 1 |  1.2
Fire Magic     | 1 |  1.2
Ice Magic      | 1 |  1.2
Air Magic      | 1 |  1.2
Earth Magic    | 1 |  1.2
Alchemy        | 1 |  1.2
Fighting       | |  1.0
Dodging        | |  2.1
Stealth        | |  0.5
Unarmed Combat | |  3.7

Action                     |  1- 3 |  4- 6 || total
---------------------------+-------+-------++-------
  Melee: Unarmed           |   146 |    31 ||   177
         Punch             |     1 |       ||     1
    Use: Potion            |     1 |       ||     1
 Armour: Animal skin       |    47 |       ||    47
         Skin              |    11 |       ||    11
         Ring mail         |    50 |    31 ||    81
  Dodge: Dodged            |    87 |    21 ||   108

Table legend: (Time is in decaauts)
 A = Elapsed time spent in this place.
 B = Non-inter-level travel time spent in this place.
 C = Inter-level travel time spent in this place.
 D = Time resting spent in this place.
 E = Time spent auto-exploring this place.
 F = Levels seen in this place.
 G = Mean time per level.
                   A        B        C        D        E       F      G
               +--------+--------+--------+--------+--------+-----+--------+
         Total |   1566 |   1446 |    120 |    136 |    844 |   3 |  522.0 |
       Dungeon |   1566 |   1446 |    120 |    136 |    844 |   3 |  522.0 |
               +--------+--------+--------+--------+--------+-----+--------+

Top non-repeatable levels by time:
     D:1: 837 daAuts
     D:2: 708 daAuts
     D:3: 20 daAuts
